 Dungeon Crawl Stone Soup version 0.30.0-5-g1a98f26d00 (webtiles) character file.

Game seed: 8408815850311402650

63 Woods the Ruffian (level 4, -7/58 HPs)
             Began as a Naga Transmuter on May 10, 2023.
             Mangled by Crazy Yiuf
             ... wielding a +2 quarterstaff of chaos
              (8 damage)
             ... on level 2 of the Dungeon.
             The game lasted 00:02:47 (2140 turns).

Woods the Ruffian (Naga Transmuter)                 Turns: 2140, Time: 00:02:47

Health: -7/58      AC: 22    Str: 13    XL:     4   Next: 10%
Magic:  6/7        EV:  1    Int: 15    God:
Gold:   71         SH:  0    Dex: 11    Spells: 6/7 levels left

rFire   . .          .
                       - Unarmed
rCold   . . .        (no shield)
rNeg    . . .        a - melded +0 robe
rPois   +            (helmet currently unavailable)
rElec   .            l - melded +1 cloak
rCorr   .            (gloves currently unavailable)
SInv    +            (no barding)
Will    .....        (no amulet)
Stlth   +            (no ring)
HPRegen 0.29/turn    (no ring)
MPRegen 0.10/turn

%: no passive effects
@: lethally poisoned (-7 -> -8), tree-form
A: stationary, stasis, torment immunity, boosted hp, AC +1, large, see
invisible, (deformed body), (poison resistance), (slowness 2), spit poison 1,
(naga tail 1)
a: Spit Poison


You were on level 2 of the Dungeon.
You were a tree.
You visited 1 branch of the dungeon, and saw 2 of its levels.

You collected 71 gold pieces.

Inventory:

Hand Weapons
 k - a +2 antimagic spear
Armour
 a - a +0 robe (melded)
 c - a +0 cloak
 d - an orb of guile
 l - a +1 cloak (melded)
Jewellery
 e - a +4 ring of protection
Scrolls
 f - a scroll of noise {unknown}
 j - a scroll of vulnerability {unknown}
 n - a scroll of identify {unknown}
 o - a scroll of immolation {unknown}
Potions
 g - a potion of invisibility {unknown}
 h - 3 potions of heal wounds {unknown}
 i - a potion of might {unknown}
 m - 2 potions of flight {unknown}


   Skills:
 + Level 2.2 Fighting
 + Level 2.3 Dodging
 + Level 3.7 Unarmed Combat
 - Level 2.0 Spellcasting
 - Level 2.0 Transmutations


You had 6 spell levels left.
You knew the following spells:

 Your Spells              Type           Power      Damage    Failure   Level
a - Beastly Appendage     Tmut           14%        N/A       10%         1

Your spell library contained the following spells:

 Spells                   Type           Power      Damage    Failure   Level
 Wereblood                Tmut           7%         N/A       14%         2
 Spider Form              Tmut/Pois      4%         N/A       41%         3
 Ice Form                 Ice/Tmut       4%         N/A       82%         4


Dungeon Overview and Level Annotations

Branches:
Dungeon (2/15)

Altars:
Nemelex Xobeh

Annotations:
D:2 Crazy Yiuf


Innate Abilities, Weirdness & Mutations

You are a tree.
Your roots penetrate the ground, keeping you stationary.
You cannot be teleported.
You are immune to unholy pain and torment.
Your maximum health is greatly increased.
Your equipment is partially melded.
((Your serpentine skin is tough. (AC +1)))
You have supernaturally acute eyesight. (SInv)
((Armour fits poorly on your strangely shaped body.))
((Your system is resistant to poisons. (rPois)))
((You cover ground very slowly.))
You can spit poison.
((You have a snake-like lower body.))


Message History

Could not explore, unopened runed door.
You open the door.
Aiming: Spit Poison (1% risk of failure)
Press: ? - help, Q - select action, (/) - cycle Shift-Dir - straight line, f - Crazy Yiuf
Aim: Crazy Yiuf, wielding a +2 quarterstaff of chaos and wearing a +0 cloak (65% to hit)
The splash of poison hits Crazy Yiuf.
Crazy Yiuf is poisoned.
Crazy Yiuf is moderately wounded.
Crazy Yiuf screams, "Snower!
Rot meccalolo down."
Casting: Beastly Appendage (safe; 10% risk of failure)
Confirm with . or Enter, or press ? or * to list all spells.
You grow a pair of large bovine horns.
Crazy Yiuf barely misses you.
You barely miss Crazy Yiuf. Your headbutt misses Crazy Yiuf.
Crazy Yiuf is moderately wounded.
Crazy Yiuf says, "Goldfish mobile Orb Guardian!"
Crazy Yiuf hits you with a +2 quarterstaff of chaos!
You are poisoned.
You hit Crazy Yiuf. Your headbutt misses Crazy Yiuf.
Crazy Yiuf is heavily wounded.
Your transformation is almost over.
You feel sick.
Crazy Yiuf hits you with a +2 quarterstaff of chaos!
You barely miss Crazy Yiuf.
Crazy Yiuf is heavily wounded.
You feel sick.
Crazy Yiuf hits you with a +2 quarterstaff of chaos!
* * * LOW HITPOINT WARNING * * *
Unknown command.
Your horns disappear.
You turn into a tree.
Your +1 cloak melds into your body.
Your +0 robe melds into your body.
Your roots penetrate the ground.
You have got your breath back.
* * * LOW HITPOINT WARNING * * *
You feel sick.
Crazy Yiuf looks more healthy.
Crazy Yiuf hits you but does no damage.
You hit Crazy Yiuf.
Crazy Yiuf is severely wounded.
* * * LOW HITPOINT WARNING * * *
You feel sick.
Crazy Yiuf hits you with a +2 quarterstaff of chaos!
You die...

..#..##.#
#......# #....
.....##.#
##♣#♣#♣# ###.#
.#.####.# #.# #.#
.[.# #.#
#.#####.# .###
#.# #.......# ##
#.# ##.###### #.#
### ♣♣###.#
#######.##
#)..#♣♣ ♣♣..+..#
.........#
#...g♣♣♣♣♣......#
# ..#####.##
#...#♣..♣.......#
# ♣.♣ ##...# ###
♣♣♣.♣...+..# #
..# #....#
♣♣♣♣♣##### # ♣.♣
##...# # ..#
##.## ### # ♣.♣
#.# #.# # #.# #.#
#.# #### ♣.♣
##'## ##.# #...


You could see Crazy Yiuf.

Vanquished Creatures
  Jessica (D:2)
  An adder (D:2)
  A worm (D:1)
  6 ball pythons
  4 bats
  2 endoplasms
  A giant cockroach (D:1)
  A goblin (D:2)
  A hobgoblin (D:2)
  4 kobolds (D:2)
  A frilled lizard (D:2)
  A rat (D:1)
24 creatures vanquished.

Notes
Turn   | Place    | Note
-------+----------+-------------------------------------------
     0 | D:1      | Woods the Naga Transmuter began the quest for the Orb.
     0 | D:1      | Reached XP level 1. HP: 18/18 MP: 3/3
   145 | D:1      | Reached XP level 2. HP: 21/25 MP: 3/5
  1027 | D:2      | Reached XP level 3. HP: 30/32 MP: 4/6
  1073 | D:2      | Found a runed translucent door.
  1074 | D:2      | Noticed Crazy Yiuf
  1518 | D:2      | Found a sparkling altar of Nemelex Xobeh.
  1545 | D:2      | Noticed Jessica
  1546 | D:2      | Killed Jessica
  1547 | D:2      | Reached XP level 4. HP: 39/39 MP: 7/7
  2139 | D:2      | HP: 2/58 [poisoned by Crazy Yiuf]
  2140 | D:2      | Mangled by Crazy Yiuf

Illustrated notes

Levels and vault maps discovered:
D:1:      dpeg_arrival_brainrot, layout_basic, minmay_surrounded
D:2:      layout_loops_corners, serial_forest, infiniplex_forest_end_double,
          infiniplex_forest_clump_curved, infiniplex_forest_3_way,
          infiniplex_forest_lined_room_, infiniplex_forest_clump_curved,
          infiniplex_forest_lined_3, infiniplex_forest_lined_ring,
          infiniplex_forest_clump_cross, basic_altar, uniq_crazy_yiuf_cottage,
          uniq_jessica

Skill      XL: |  1  2  3 |
---------------+----------+-----
Dodging        | 2 |  2.3
Fighting       | 2 |  2.2
Unarmed Combat | |  3.7
Spellcasting   | |  2.0
Transmutations | |  2.0

Action                     |  1- 3 |  4- 6 || total
---------------------------+-------+-------++-------
  Melee: Unarmed           |    71 |    11 ||    82
         Headbutt          |     6 |     2 ||     8
         Punch             |     2 |       ||     2
   Cast: Beastly Appendage |    15 |     3 ||    18
Ability: Spit Poison       |     4 |     1 ||     5
    Use: Potion            |       |     1 ||     1
 Armour: Robe              |    26 |     2 ||    28
         Skin              |       |     1 ||     1
  Dodge: Dodged            |    38 |     5 ||    43
